 Dungeon Crawl Stone Soup version 0.28.0-53-g5a82cb258f (webtiles) character file.

Game seed: 10231752843628650358

758 Kranky the Skirmisher (level 7, -3/53 HPs)
             Began as an Octopode Fighter on June 20, 2022.
             Killed from afar by an acid dragon (30 damage)
             ... with a splash of acid
             ... on level 5 of the Dungeon.
             The game lasted 00:13:40 (5051 turns).

Kranky the Skirmisher (Octopode Fighter)            Turns: 5051, Time: 00:13:41

Health: -3/53      AC:  1    Str: 16    XL:     7   Next: 80%
Magic:  7/7        EV: 18    Int: 10    God:
Gold:   123        SH:  8    Dex: 13    Spells: 6/6 levels left

rFire   . . .      SeeInvis .   b - +2 hand axe (freeze)
rCold   . . .      Faith    .   o - +3 warlock's mirror {reflect}
rNeg    . . .      Spirit   .   (helmet restricted)
rPois   .          Reflect  +   (no amulet)
rElec   .          Harm     .   e - +4 ring of evasion
rCorr   .          Rampage  .   (no ring)
Will    .....                   (no ring)
Stlth   ++++......              (no ring)
HPRegen 0.17/turn               (no ring)
MPRegen 0.10/turn               (no ring)
                                (no ring)
                                (no ring)

@: about to teleport
A: almost no armour, amphibious, 8 rings, camouflage 1, gelatinous body 1,
(nimble swimmer 1), tentacles
a: no special abilities


You were on level 5 of the Dungeon.
You visited 1 branch of the dungeon, and saw 5 of its levels.
You also visited: Ossuary.

You collected 216 gold pieces.
You spent 93 gold pieces at shops.

Inventory:

Hand Weapons
 a - a +0 flail
 b - a +2 hand axe of freezing (weapon)
 m - a +0 morningstar
Missiles
 r - 3 poisoned darts (quivered)
Armour
 o - the +3 warlock's mirror (worn) {reflect}
   (You found it on level 3 of the Dungeon)

   It can block and reflect piercing ranged attacks and magical attacks against
   the wielder's willpower.
Jewellery
 e - a +4 ring of evasion (left tentacle)
 j - a ring of ice
Scrolls
 l - a scroll of teleportation
 n - a scroll of holy word {unknown}
 s - a scroll of identify
Potions
 c - a potion of might
 d - 7 potions of curing
 f - 4 potions of flight
 g - 2 potions of attraction {unknown}
 h - 2 potions of heal wounds
 i - 2 potions of invisibility
 k - 2 potions of cancellation
 p - a potion of haste
 q - a potion of ambrosia {unknown}
 t - a potion of lignification {unknown}
 u - 2 potions of magic {unknown}
 v - 2 potions of degeneration {unknown}


   Skills:
 + Level 6.4 Fighting
 - Level 2.0 Maces & Flails
 + Level 4.6 Dodging
 - Level 5.0 Stealth
 + Level 4.5 Shields


You had 6 spell levels left.
You didn't know any spells.
Your spell library contained the following spells:

 Spells                   Type           Power      Damage    Failure   Level
 Animate Skeleton         Necr           0%         N/A       43%         1
 Apportation              Tloc           0%         N/A       43%         1
 Summon Small Mammal      Summ           0%         N/A       43%         1
 Scorch                   Fire           0%         2d5       58%         2
 Static Discharge         Conj/Air       0%         N/A       58%         2
 Flame Wave               Conj/Fire      0%         2d4       99%         4
 Lightning Bolt           Conj/Air       0%         1d11      100%        5
 Summon Cactus Giant      Summ           0%         N/A       100%        6
 Maxwell's Capacitive Co  Air            0%         ∞         100%        8


Dungeon Overview and Level Annotations

Branches:
Dungeon (5/15)            Ossuary (visited)
 Temple: D:4-7

Altars:
Cheibriados
Elyvilon

Shops:
D:2 !   D:4 !


Innate Abilities, Weirdness & Mutations

You cannot wear most types of armour.
You are amphibious.
You can wear up to eight rings at the same time.
Your skin changes colour to match your surroundings (Stealth+).
Your rubbery body absorbs attacks. (AC +1, EV +1)
((You are camouflaged when in or above water. (Stealth+)))
You have tentacles for arms and can constrict up to eight enemies at once.


Message History

You block the orc's attack.
You hit the orc. You freeze the orc.
You kill the orc!
The orc throws a boomerang.
You reflect the boomerang off your +3 warlock's mirror {reflect}!
The boomerang hits the orc.
The orc closely misses you.
Things that are here:
a +0 club; an orc corpse You hit the orc.
You freeze the orc.
You kill the orc!
You hit the orc but do no damage. The acid dragon spits acid at you.
The splash of acid hits you!!
Ouch! That really hurt!
The orc closely misses you.
You hear a shout!
The orc closely misses you.
There is an open door here.
You are too injured to fight recklessly!
You are too injured to fight recklessly!
You are too injured to fight recklessly!
You hit the orc. You freeze the orc.
You kill the orc!
You barely miss the orc. You grab the orc. You constrict the orc.
The orc completely misses you. You block the orc's attack.
You hit the orc but do no damage.
The orc is heavily wounded.
You constrict the orc. The orc barely misses you.
Okay, then.
As you read the scroll labelled IHUNTU OPAUJA, it crumbles to dust.
You feel strangely unstable.
It was a scroll of teleportation.
You constrict the orc.
You kill the orc!
You hit the acid dragon. You freeze the acid dragon.
The acid dragon is lightly wounded.
The acid dragon spits acid at you. The splash of acid hits you!!
Ouch! That really hurt!
You die...

***..#...,**** **....***
*##** ##.##* *####...*
##...#####......#*
##.....##........#
####..>#............#
##..................#*
#....#D#............#
#..D.#@#...........#*
###..###.###.........####
#....#.....#............#
##....###.###.......###...
*#..)..$.#.#........##
####
*#...)....###D......## #
*#...............#####
#.........##....#*
#...........)...****


You could see an acid dragon (catching breath).

Vanquished Creatures
  A necrophage (D:5)
  A bullfrog (D:3)
  A water moccasin skeleton (D:5)
  A jelly (D:5)
  A centaur zombie (Ossuary)
  Crazy Yiuf (D:2)
  2 hounds (D:4)
  A human zombie (Ossuary)
  A centaur skeleton (D:4)
  Terence (D:2)
  3 mummies
  9 adders
  3 gnolls
  An ufetubus (D:4)
  2 adder zombies (Ossuary)
  3 worms
  5 dart slugs
  14 orcs
  3 bats
  10 endoplasms
  2 giant cockroaches (D:1)
  3 goblins
  9 hobgoblins
  10 jackals
  2 quokkas
  14 ball pythons
  7 frilled lizards
  3 goblin zombies (Ossuary)
  11 hobgoblin zombies
  2 jackal zombies (Ossuary)
  8 kobolds
  10 kobold zombies
  10 orc zombies
  3 rats
  A rat zombie (Ossuary)
159 creatures vanquished.

Vanquished Creatures (others)
  2 demonic plants (D:2)
2 creatures vanquished.

Grand Total: 161 creatures vanquished

Notes
Turn   | Place    | Note
-------+----------+-------------------------------------------
     0 | D:1      | Kranky the Octopode Fighter began the quest for the Orb.
     0 | D:1      | Reached XP level 1. HP: 16/16 MP: 1/1
    70 | D:1      | Reached skill level 1 in Stealth
    70 | D:1      | Reached XP level 2. HP: 17/21 MP: 2/2
   310 | D:1      | Reached XP level 3. HP: 18/26 MP: 3/3
  1148 | D:2      | Reached XP level 4. HP: 18/33 MP: 4/4
  1348 | D:2      | You fall into a shaft and drop 2 floors!
  1353 | D:4      | Reached skill level 4 in Fighting
  1583 | D:4      | Found Icek's Distillery.
  1596 | D:4      | Reached skill level 5 in Stealth
  1596 | D:4      | Reached XP level 5. HP: 37/38 MP: 5/5
  1597 | D:4      | Bought a potion of curing for 33 gold pieces
  2273 | D:3      | Found the +3 warlock's mirror {reflect}
  2284 | D:3      | Reached XP level 6. HP: 45/45 MP: 6/6
  2289 | D:3      | Reached skill level 5 in Fighting
  2775 | D:2      | Found a white marble altar of Elyvilon.
  2789 | D:2      | Noticed Terence
  2801 | D:2      | Killed Terence
  2938 | D:2      | Found Fyegoneg's Distillery.
  2946 | D:2      | Bought a potion of heal wounds for 60 gold pieces
  3040 | D:2      | Found a faded altar of an unknown god.
  3040 | D:2      | Noticed a Tzitzimitl
  3094 | D:2      | Found a runed translucent door.
  3095 | D:2      | Noticed Crazy Yiuf
  3102 | D:2      | Killed Crazy Yiuf
  3814 | D:4      | Found a snail-covered altar of Cheibriados.
  3815 | D:4      | Noticed a water moccasin
  3816 | D:4      | Noticed a torpor snail
  3900 | D:4      | Reached XP level 7. HP: 51/51 MP: 7/7
  4205 | D:5      | Entered Level 5 of the Dungeon
  4437 | D:5      | Reached skill level 6 in Fighting
  4441 | D:5      | Found a sand-covered staircase.
  4455 | Ossuary  | Entered an ossuary
  5016 | D:5      | Identified the +4 spear of Xithrir {chaos, *Noise rElec
                  | Str+4 Dex+2 Stlth+}
  5051 | D:5      | Killed from afar by an acid dragon

Illustrated notes

Levels and vault maps discovered:
D:1:      tarquinn_simple_flora_water_c, layout_basic
D:2:      layout_rooms, serial_shops, nicolae_shop_crystal,
          dreamdust_ecumenical_altar_sealed_demon, basic_altar,
          chequers_mini_garden, uniq_terence, uniq_crazy_yiuf_cottage
D:3:      kennysheep_big_flooded_room, layout_basic, kennysheep_minor_cross,
          minmay_fractal_squares_5
D:4:      layout_layer_cave, cheibriados_altar_2, serial_shops,
          nicolae_stop_n_shop_1
D:5:      layout_cave_pods, nicolae_ossuary_entry_plus, minmay_mini_ossuary

Skill      XL: |  1  2  3  4  5  6  7 |
---------------+----------------------+-----
Stealth        | 1 2 3 5 |  5.0
Fighting       | 4 5 6 |  6.4
Dodging        | 4 |  4.6
Shields        | 4 |  4.5
Maces & Flails | |  2.0

Action                   |  1- 3 |  4- 6 |  7- 9 || total
-------------------------+-------+-------+-------++-------
Melee: Flail             |    68 |    43 |       ||   111
       Constrict         |    17 |    37 |    33 ||    87
       Tentacles         |     7 |    33 |    24 ||    64
       Morningstar       |       |    71 |       ||    71
       Hand axe          |       |    23 |   104 ||   127
       Punch             |       |     3 |     2 ||     5
  Use: Scroll            |       |       |     5 ||     5
 Stab: Sleeping          |    10 |     5 |     7 ||    22
       Distracted        |       |     1 |       ||     1
Armor: Skin              |     1 |     4 |     6 ||    11
Dodge: Dodged            |    54 |   126 |    62 ||   242
Block: Buckler           |    14 |    45 |    33 ||    92
       Reflection        |       |       |     2 ||     2
